 Dungeon Crawl Stone Soup version bcrawl-1.21.3 (webtiles) character file.

Game seed: 3390187558849985807

254 Freyura the Cudgeler (level 5, -11/47 HPs)
             Began as a Minotaur Fighter on Mar 26, 2020.
             Mangled by an orc warrior
             ... wielding a +0 hand axe
              (13 damage)
             ... on level 3 of the Dungeon.
             The game lasted 00:05:19 (1630 turns).

Freyura the Cudgeler (Minotaur Fighter)             Turns: 1630, Time: 00:05:20

Health: -11/47     AC:  7    Str: 20    XL:     5   Next: 91%
Magic:  4/4        EV:  8    Int:  5    God:
Gold:   95         SH: 10    Dex: 11    Spells: 4/4 levels left

rFire    x . .     SeeInvis .   u - +5 whip
rCold    + . .     Gourm    .   c - +1 medium shield
rNeg     . . .     Faith    .   b - +0 scale mail
rPois    .         Spirit   .   (helmet restricted)
rElec    .         Reflect  .   (no cloak)
rCorr    .         Harm     .   (no gloves)
MR       .....                  (no boots)
Stlth    ..........             (no amulet)
HPRegen  0.15/turn              h - ring of ice
MPRegen  0.09/turn              (no ring)

@: no status effects
A: retaliatory headbutt, horns 2
a: no special abilities


You were on level 3 of the Dungeon.
You were not hungry.

You visited 1 branch of the dungeon, and saw 3 of its levels.

You collected 95 gold pieces.

Inventory:

Hand Weapons
 u - a +5 whip (weapon)
Armour
 b - a +0 scale mail (worn)
 c - a +1 medium shield (worn)
Jewellery
 h - a ring of ice (left hand)
Scrolls
 a - a scroll of enchant armour
 j - a scroll of remove curse
 m - a scroll of identify
 p - 2 scrolls of magic mapping
Potions
 g - a potion of mutation {unknown}
 i - a potion of magic {unknown}
 k - a potion of curing {unknown}
 l - 3 potions of ambrosia
 n - a potion of berserk rage {unknown}
 t - a potion of heal wounds {unknown}
Comestibles
 e - 5 rations {!d}


   Skills:
 + Level 4.6 Fighting
 * Level 4.8 Maces & Flails
 + Level 4.6 Armour
 + Level 2.3 Dodging
 + Level 4.5 Shields


You had 4 spell levels left.
You didn't know any spells.
Your spell library was empty.

Dungeon Overview and Level Annotations

Branches:
Dungeon (3/12)

Altars:
Gozag
Uskayaw

Annotations:
D:3 Robin


Innate Abilities, Weirdness & Mutations

You reflexively headbutt those who attack you in melee.
You have a pair of horns on your head.


Message History

You are too injured to fight recklessly!
You barely miss the jackal. You headbutt the jackal.
You kill the jackal!
You hit the jackal. Your headbutt misses the jackal.
The jackal is severely wounded.
You block the jackal's attack.
The jackal bites you but does no damage.
You closely miss the jackal. You headbutt the jackal.
You kill the jackal!
The orc warrior hits you with a +0 hand axe.
You closely miss the orc warrior. You headbutt the orc warrior.
The orc warrior is heavily wounded.
You barely miss the orc warrior.
The orc warrior is heavily wounded.
The orc warrior hits you with a +0 hand axe!
* * * LOW HITPOINT WARNING * * *
You closely miss the orc warrior. You headbutt the orc warrior!
The orc warrior is severely wounded.
The orc warrior hits you with a +0 hand axe!
You die...

*,* *,,,,..# **,*,*,* ***,*
#,***#.# *,,,,*,*
,,,,****#.*###.### *,,***,*
**,,,,,,,..,.....## *,,#**,*
**,**,*,,*#.##....###...,,,*
,,,,,***...#..........#***** **
,*,,*,#.........g>##### **,
,*,,*,.####.####o## *,*
,,,,,,,,,...* #@# ***,
**,,*,*,###** ##.## *,,, **,,*,*,*
#...# #,** ,,,,*,*,** #...#
****.## **,*,,,,,* #...# *,,,,..
*,*,,,,,*#####...##### *,**,*#
**,*,,,,,*#...........#####,**,##
,,,*,,,,,,...............#...,,#.
****,,,,,*#...........##.#..#**#ยง


You could see an orc warrior and Robin.

Vanquished Creatures
  An ogre (D:2)
  2 crimson imps
  3 adders
  2 oozes
  2 worms
  A dart slug (D:1)
  4 leopard geckos
  7 bats
  3 giant cockroaches (D:1)
  3 goblins
  5 hobgoblins
  5 jackals
  6 kobolds
  A quokka (D:3)
  6 frilled lizards
  3 rats
54 creatures vanquished.

Notes
Turn   | Place    | Note
-------+----------+-------------------------------------------
     0 | D:1      | Freyura the Minotaur Fighter began the quest for the Orb.
     0 | D:1      | Reached XP level 1. HP: 19/19 MP: 0/0
   152 | D:1      | Reached XP level 2. HP: 27/27 MP: 1/1
   641 | D:1      | Reached skill level 1 in Dodging
   643 | D:1      | Reached XP level 3. HP: 30/33 MP: 2/2
   858 | D:2      | Noticed an ogre
   872 | D:2      | Killed an ogre
   872 | D:2      | Reached XP level 4. HP: 23/40 MP: 3/3
  1036 | D:2      | Found an opulent altar of Gozag.
  1121 | D:2      | Reached XP level 5. HP: 46/46 MP: 4/4
  1274 | D:2      | Found a hide-covered altar of Uskayaw.
  1612 | D:3      | Noticed an orc warrior
  1615 | D:3      | Noticed Robin
  1629 | D:3      | HP: 1/47 [orc warrior/+0 hand axe (16)]
  1630 | D:3      | Mangled by an orc warrior

Skill      XL: |  1  2  3  4 |
---------------+-------------+-----
Maces & Flails | 3 4 |  4.8
Dodging        | 1 2 |  2.3
Armour         | 4 |  4.6
Fighting       | 4 |  4.6
Shields        | 4 |  4.5

Action                   |  1- 3 |  4- 6 || total
-------------------------+-------+-------++-------
Melee: Flail             |    47 |    20 ||    67
       Headbutt          |     6 |    12 ||    18
       Whip              |       |    48 ||    48
  Use: Potion            |     1 |       ||     1
       Scroll            |       |     9 ||     9
  Eat: Chunk             |       |     2 ||     2
Armor: Scale mail        |    14 |    17 ||    31
Dodge: Dodged            |    18 |    18 ||    36
Block: Medium shield     |    25 |    33 ||    58
